 Dungeon Sprint DCSS version 0.30-a0-12-gd8047c6341 (webtiles) character file.

Game seed: 16274520121996220528

1580 Hubris850 the Black Belt (level 8, -9/73 HPs)
             Began as a Merfolk Transmuter on Aug 23, 2022.
             Was the Champion of Makhleb.
             Mangled by an orc knight
             ... wielding a +3 dire flail
              (13 damage)
             ... in the Dungeon (Sprint VII: "The Pits").
             The game lasted 00:05:53 (779 turns).

Hubris850 the Black Belt (Merfolk Transmuter)        Turns: 779, Time: 00:05:54

Health: -9/73      AC:  8    Str: 14    XL:     8   Next: 91%
Magic:  12/17      EV: 12    Int: 17    God:    Makhleb [******]
Gold:   0          SH:  0    Dex: 14    Spells: 12/19 levels left

rFire   x . .      SeeInvis .      - Unarmed
rCold   + + +      Faith    .    (shield currently unavailable)
rNeg    . . .      Spirit   .    (body armour currently unavailable)
rPois   +          Reflect  .    (helmet currently unavailable)
rElec   .          Harm     .    (cloak currently unavailable)
rCorr   .          Rampage  .    (gloves currently unavailable)
Will    .....      NoTele   +    (boots currently unavailable)
Stlth   +.........               (no amulet)
HPRegen 0.22/turn                n - +3 ring of strength
MPRegen 0.15/turn                o - +3 ring of intelligence

@: ice-form, wereblooded
A: freezing attack, boosted hp, large, (nimble swimmer 2), (mertail)
a: End Transformation, Renounce Religion, Minor Destruction, Lesser Servant of
Makhleb, Major Destruction, Greater Servant of Makhleb


You were in the Dungeon.
You worshipped Makhleb.
Makhleb was exalted by your worship.
You were a creature of crystalline ice.
You visited 1 branch

Inventory:

Hand Weapons
 l - a +0 long sword of flaming
 r - a +2 vorpal halberd
 s - a +2 scimitar of electrocution
Armour
 a - a +0 robe
 m - a +3 ring mail (melded)
 t - a +0 cloak (melded)
Jewellery
 n - a +3 ring of strength (left front paw)
 o - a +3 ring of intelligence (right front paw)
Scrolls
 h - a scroll of blinking
 j - 5 scrolls of amnesia
 k - a scroll of summoning
Potions
 b - a potion of lignification
 c - 8 potions of curing
 d - 12 potions of heal wounds
 e - a potion of haste
 f - 4 potions of magic
 g - 2 potions of berserk rage
 i - 2 potions of invisibility
 p - a potion of mutation
 q - 2 potions of resistance


   Skills:
 - Level 4.9 Fighting
 - Level 7.0 Dodging
 - Level 15.6 Unarmed Combat
 - Level 6.0 Spellcasting
 - Level 8.5 Transmutations
 - Level 6.5 Ice Magic
 + Level 3.9 Invocations


You had 12 spell levels left.
You knew the following spells:

 Your Spells              Type           Power      Damage    Failure   Level
a - Beastly Appendage     Tmut           68%        N/A       1%          1
b - Wereblood             Tmut           34%        N/A       1%          2
c - Ice Form              Ice/Tmut       30%        N/A       6%          4

Your spell library contained the following spells:

 Spells                   Type           Power      Damage    Failure   Level
 Spider Form              Tmut/Pois      19%        N/A       7%          3


Dungeon Overview and Level Annotations

Branches:
Dungeon (1/1)

Altars:
Ashenzari
Cheibriados
Dithmenos
Elyvilon
Fedhas
Gozag
Hepliaklqana
Kikubaaqudgha
Makhleb
Nemelex Xobeh
Okawaru
Qazlal
Ru
Sif Muna
Trog
Uskayaw
Vehumet
Wu Jian
Xom
Yredelemnul
Zin
The Shining One
Jiyva
Lugonu


Innate Abilities, Weirdness & Mutations

You are a creature of crystalline ice.
You have a powerful freezing melee attack.
Your maximum health is increased.
Your armour is entirely melded.
You are incapable of wielding weapons or throwing items.
((You are very nimble when in or above water. (Stealth+, EV+, Speed+++)))
((Your lower body shifts to a powerful aquatic tail in water.))


Message History

Casting: Ice Form (dangerous; 12% risk of failure)
Confirm with . or Enter, or press ? or * to list all spells.
Your blood is infused with primal strength.
The orc knight shoots a bolt.
The bolt barely misses you.
Unknown command.
Casting: Wereblood (safe; 1% risk of failure)
Confirm with . or Enter, or press ? or * to list all spells.
You turn into a creature of crystalline ice.
Your +0 cloak melds into your body.
Your +3 ring mail melds into your body.
The orc knight shoots a bolt.
The bolt closely misses you. Menkaure casts a spell at you.
You struggle to resist.
You pummel Menkaure!! You freeze Menkaure.
Menkaure is almost destroyed.
You pummel Menkaure!!
You feel a bit better.
You destroy Menkaure!
Makhleb accepts your kill.
You feel better.
The orc knight shoots a bolt.
The bolt hits you!
Your Invocations skill gained 3 levels and is now at level 3!
An orc opens the door.
The orc knight unwields a +0 arbalest.
The orc knight wields a +3 dire flail.
The orc knight barely misses you.
A hell rat comes into view.
You completely miss the orc knight.
The two-headed ogre hits you with a +0 dire flail!!
The two-headed ogre misses you.
The orc knight hits you with a +3 dire flail!!
* * * LOW HITPOINT WARNING * * *
Unknown command.
You punch the orc knight! You freeze the orc knight!
The orc knight is moderately wounded.
You hit the orc knight but do no damage.
The orc knight is moderately wounded.
You howl as the wereblood boils in your veins!
The orc knight closely misses you. The two-headed ogre barely misses you.
The two-headed ogre hits you with a +0 giant spiked club!
* * * LOW HITPOINT WARNING * * *
You punch the orc knight! You freeze the orc knight.
The orc knight is heavily wounded.
The orc knight hits you with a +3 dire flail!
You die...

'#####......#..#......#
....##................#
###'#####'#####''######
..†.##.......##''#
....##.......##..##
#'####.......##...##
....##...<...###...##+##.
....##.......# ##........
....##.......# #Y.###+###
######.......##oO## .#..
##########hoo
.#†############.r##
.#†#....#..[[###..
##†#....#...[# ##.
.#.'....'..))# .
.#)#....#..).# .#
.).#....#...)#


You could see an orc knight, a two-headed ogre, a warg, a hell rat and 2 orcs.

Vanquished Creatures
  Pikel (D)
  A redback (D)
  Menkaure (D)
  A floating eye (D)
  2 black bears (D)
  2 orc warriors (D)
  A kobold brigand (D)
  A crimson imp (D)
  2 orc priests (D)
  5 orc wizards (D)
  A mummy (D)
  An adder (D)
  A river rat (D)
  An ufetubus (D)
  4 orcs (D)
  An endoplasm (D)
  3 hobgoblins (D)
  3 jackals (D)
  A quokka (D)
  A ball python skeleton (D)
34 creatures vanquished.

Vanquished Creatures (others)
  A sky beast (D)
1 creature vanquished.

Grand Total: 35 creatures vanquished

Notes
Turn   | Place    | Note
-------+----------+-------------------------------------------
     0 | D        | Hubris850 the Merfolk Transmuter began the quest for the
                  | Orb.
     0 | D        | Reached XP level 1. HP: 15/15 MP: 3/3
    18 | D        | Reached skill level 4 in Unarmed Combat
    18 | D        | Reached XP level 2. HP: 14/21 MP: 5/5
    42 | D        | Found a glowing golden altar of the Shining One.
    42 | D        | Found a glowing silver altar of Zin.
    42 | D        | Found a basalt altar of Yredelemnul.
    42 | D        | Found a shimmering altar of Xom.
    42 | D        | Found an ornate altar of the Wu Jian Council.
    42 | D        | Found a bloodstained altar of Trog.
    42 | D        | Found a shimmering blue altar of Sif Muna.
    42 | D        | Found a sacrificial altar of Ru.
    42 | D        | Found a stormy altar of Qazlal.
    42 | D        | Found an iron altar of Okawaru.
    42 | D        | Found a sparkling altar of Nemelex Xobeh.
    42 | D        | Found a burning altar of Makhleb.
    42 | D        | Found a viscous altar of Jiyva.
    42 | D        | Found a hazy altar of Hepliaklqana.
    42 | D        | Found an opulent altar of Gozag.
    42 | D        | Found a blossoming altar of Fedhas.
    42 | D        | Found a white marble altar of Elyvilon.
    42 | D        | Found a shadowy altar of Dithmenos.
    42 | D        | Found a snail-covered altar of Cheibriados.
    43 | D        | Found a radiant altar of Vehumet.
    43 | D        | Found a corrupted altar of Lugonu.
    44 | D        | Found a hide-covered altar of Uskayaw.
    44 | D        | Found an ancient bone altar of Kikubaaqudgha.
    44 | D        | Found a broken altar of Ashenzari.
    53 | D        | Became a worshipper of Makhleb the Destroyer
   172 | D        | Learned a level 2 spell: Wereblood
   184 | D        | Reached skill level 5 in Dodging
   184 | D        | Reached skill level 5 in Unarmed Combat
   435 | D        | Reached * piety under Makhleb
   439 | D        | Noticed a black bear
   439 | D        | Noticed a floating eye
   442 | D        | Killed a floating eye
   443 | D        | Reached skill level 9 in Unarmed Combat
   443 | D        | Reached XP level 3. HP: 26/26 MP: 3/6
   443 | D        | Reached XP level 4. HP: 32/32 MP: 3/7
   443 | D        | Reached XP level 5. HP: 37/37 MP: 3/8
   444 | D        | Reached ** piety under Makhleb
   451 | D        | Killed a black bear
   452 | D        | Reached skill level 5 in Transmutations
   520 | D        | Learned a level 4 spell: Ice Form
   522 | D        | Noticed an orc warrior
   527 | D        | Noticed an orc warrior
   530 | D        | Reached *** piety under Makhleb
   531 | D        | Noticed a sky beast
   534 | D        | Reached XP level 6. HP: 43/43 MP: 5/12
   539 | D        | Reached skill level 5 in Ice Magic
   539 | D        | Killed a sky beast
   540 | D        | Reached skill level 5 in Spellcasting
   542 | D        | Killed an orc warrior
   542 | D        | Reached **** piety under Makhleb
   546 | D        | Killed an orc warrior
   547 | D        | Reached skill level 10 in Unarmed Combat
   547 | D        | Reached XP level 7. HP: 48/48 MP: 7/16
   548 | D        | Reached skill level 11 in Unarmed Combat
   552 | D        | Reached ***** piety under Makhleb
   559 | D        | Reached skill level 12 in Unarmed Combat
   616 | D        | Noticed Pikel
   622 | D        | Killed Pikel
   623 | D        | Reached skill level 15 in Unarmed Combat
   623 | D        | Reached XP level 8. HP: 54/54 MP: 11/17
   645 | D        | Reached ****** piety under Makhleb
   770 | D        | Noticed an orc knight
   770 | D        | Noticed Menkaure
   770 | D        | Noticed a two-headed ogre
   774 | D        | Killed Menkaure
   779 | D        | Mangled by an orc knight

Illustrated notes

Levels and vault maps discovered:
D:        pitsprint [storerooms_1, entrance_room_1, metal_vault_5, armoury_1,
          mini_pit_1, grid_room_1, main_hall_1, silver_pit, the_coven_1,
          the_vestibule_1, steel_vault_2, golden_pit, hallway_of_sentries,
          crystal_vault_2, iron_vault_2, final_vault]

Skill      XL: |  1  2  3  4  5  6  7  8 |
---------------+-------------------------+-----
Dodging        | 4 7 |  7.0
Unarmed Combat | 4 9 10 15 | 15.6
Spellcasting   | 4 6 |  6.0
Transmutations | 6 8 |  8.5
Ice Magic      | 4 6 |  6.5
Fighting       | 4 |  4.9
Invocations    | 3 |  3.9

Action                   |  1- 3 |  4- 6 |  7- 9 || total
-------------------------+-------+-------+-------++-------
Melee: Unarmed           |    20 |    26 |    38 ||    84
       Headbutt          |     2 |       |       ||     2
 Cast: Wereblood         |     2 |     1 |     2 ||     5
       Beastly Appendage |     2 |       |       ||     2
       Ice Form          |       |     1 |     2 ||     3
  Use: Potion            |     1 |     1 |       ||     2
 Stab: Sleeping          |     2 |       |       ||     2
Armor: Robe              |     1 |     1 |       ||     2
       Skin              |       |     5 |    12 ||    17
Dodge: Dodged            |     9 |    21 |    15 ||    45

Table legend: (Time is in decaauts)
 A = Elapsed time spent in this place.
 B = Non-inter-level travel time spent in this place.
 C = Inter-level travel time spent in this place.
 D = Time resting spent in this place.
 E = Time spent auto-exploring this place.
 F = Levels seen in this place.
 G = Mean time per level.
                   A        B        C        D        E       F      G
               +--------+--------+--------+--------+--------+-----+--------+
         Total |    781 |    781 |      0 |    390 |      0 |   1 |  781.0 |
       Dungeon |    781 |    781 |      0 |    390 |      0 |   1 |  781.0 |
               +--------+--------+--------+--------+--------+-----+--------+

Top non-repeatable levels by time:
       D: 781 daAuts
